 Dungeon Crawl Stone Soup version 0.29-a0-284-gf9362112df (webtiles) character file.

Game seed: 11660013970707956267

63 sammy202020 the Skirmisher (level 3, -5/45 HPs)
             Began as a Demonspawn Berserker on Mar 29, 2022.
             Was a Believer of Trog.
             Slain by a hobgoblin (6 damage)
             ... led by Robin
             ... on level 2 of the Dungeon.
             The game lasted 00:02:25 (1580 turns).

sammy202020 the Skirmisher (Demonspawn Berserker)   Turns: 1580, Time: 00:02:26

Health: -5/45      AC:  3    Str: 17    XL:     3   Next: 87%
Magic:  3/3        EV: 11    Int: 10    God:    Trog [**....]
Gold:   7          SH:  0    Dex: 12    Spells: 2/2 levels left

rFire   . . .      SeeInvis .   a - +0 hand axe
rCold   . . .      Faith    .   (no shield)
rNeg    . . .      Spirit   .   f - +0 leather armour
rPois   .          Reflect  .   (no helmet)
rElec   .          Harm     .   (no cloak)
rCorr   .          Rampage  .   (no gloves)
Will    .....                   (no boots)
Stlth   ..........              (no amulet)
HPRegen 0.15/turn               (no ring)
MPRegen 0.08/turn               (no ring)

@: berserking, very quick
A: demonic magic 2
a: Renounce Religion, Berserk, Trog's Hand


You were on level 2 of the Dungeon.
You worshipped Trog.
Trog was pleased with you.
You visited 1 branch of the dungeon, and saw 2 of its levels.

You collected 7 gold pieces.

Inventory:

Hand Weapons
 a - a +0 hand axe (weapon)
Armour
 b - a +0 animal skin
 f - a +0 leather armour (worn)
Scrolls
 d - 2 scrolls of teleportation {unknown}
 e - 2 scrolls of fog {unknown}
 g - a scroll of fear {unknown}
Potions
 c - a potion of mutation {unknown}
 h - a potion of curing {unknown}


   Skills:
 * Level 3.8 Fighting
 * Level 3.5 Axes
 + Level 2.2 Armour
 - Level 1.7 Dodging


You had 2 spell levels left.
You didn't know any spells.
Your spell library was empty.

Dungeon Overview and Level Annotations

Branches:
Dungeon (2/15)

Altars:

Shops:
D:2 *=


Innate Abilities, Weirdness & Mutations

Spells you cast may paralyse nearby enemies.


Message History

You hit the goblin.
You kill the goblin!
Trog accepts your kill.
You completely miss the goblin. You hit the goblin. Robin barely misses you.
The goblin closely misses you.
You hit Robin.
You kill Robin!
Trog accepts your kill.
You hit the hobgoblin. You hit the goblin.
You kill the goblin!
Trog accepts your kill.
You barely miss the goblin. The bat hits you. The hobgoblin misses you.
The goblin barely misses you. The bat hits you but does no damage.
The hobgoblin hits you.
* * * LOW HITPOINT WARNING * * *
Things that are here:
a +0 dagger; a +0 animal skin; a +0 helmet You barely miss the hobgoblin.
The hobgoblin is almost dead.
You hit the hobgoblin but do no damage. You closely miss the goblin.
The bat hits you but does no damage. The hobgoblin hits you.
* * * LOW HITPOINT WARNING * * *
The goblin hits you with a +0 dagger.
* * * LOW HITPOINT WARNING * * *
The hobgoblin closely misses you.
A red film seems to cover your vision as you go berserk!
You feel yourself moving faster!
You feel mighty! The bat hits you.
* * * LOW HITPOINT WARNING * * *
The hobgoblin barely misses you. The goblin hits you with a +0 dagger.
* * * LOW HITPOINT WARNING * * *
The hobgoblin hits you.
* * * LOW HITPOINT WARNING * * *
You slash the hobgoblin!
You kill the hobgoblin!
Trog accepts your kill.
You hit the goblin.
You kill the goblin!
Trog accepts your kill.
You hit the hobgoblin. The hobgoblin hits you.
You die...

##.# #... #. #.. #'#. .
#. #.## #.#. ..####.
#..###.## .....#.
#..'.)∩.. .....
#.####.##
#.#.#########....#.#.
#..............###'#.
#.#..b@)...............
#....g)..#######.####..
##....#)#.#.......###..
#.....#.#..............
.............####..###.#
##.....#...#.# #.......
##...##.###.# #.####.#
##.....# .## #.# #..
###.#.# # #.# ###


You could see a hobgoblin (strong) and a bat.

Vanquished Creatures
  Robin (D:2)
  2 dart slugs (D:1)
  A ball python (D:1)
  3 bats (D:1)
  4 endoplasms (D:1)
  3 giant cockroaches (D:1)
  11 goblins
  7 hobgoblins
  2 quokkas (D:1)
  4 frilled lizards
  3 kobolds (D:1)
  6 rats
47 creatures vanquished.

Notes
Turn   | Place    | Note
-------+----------+-------------------------------------------
     0 | D:1      | sammy202020 the Demonspawn Berserker began the quest for
                  | the Orb.
     0 | D:1      | Reached XP level 1. HP: 18/18 MP: 1/1
   218 | D:1      | Gained mutation: Spells you cast may paralyse adjacent
                  | enemies. [demonic ancestry]
   218 | D:1      | Reached XP level 2. HP: 23/24 MP: 2/2
   742 | D:1      | Gained mutation: Spells you cast may paralyse nearby
                  | enemies. [demonic ancestry]
   742 | D:1      | Reached XP level 3. HP: 27/29 MP: 3/3
  1342 | D:2      | Reached ** piety under Trog
  1345 | D:2      | Found Ycioquqio's Assorted Antiques.
  1517 | D:2      | Found Ketz's Jewellery Emporium.
  1563 | D:2      | Noticed Robin
  1576 | D:2      | Killed Robin
  1579 | D:2      | HP: 1/45 [hobgoblin[Robin] (2)]
  1580 | D:2      | Slain by a hobgoblin

Illustrated notes

Levels and vault maps discovered:
D:1:      roderic_chinese_lattice_arrival, layout_basic, solitary_fountain
D:2:      layout_loops_ring, serial_shops, shop, nicolae_shop_hallway_plus,
          uniq_robin

Skill      XL: |  1  2 |
---------------+-------+-----
Axes           | 3 |  3.5
Armour         | 2 |  2.2
Fighting       | |  3.8
Dodging        | |  1.7

Action                   || total
-------------------------++-------
Melee: Hand axe          ||   118
Invok: Berserk           ||     2
 Stab: Sleeping          ||     2
Armor: Animal skin       ||    27
       Leather armour    ||    16
Dodge: Dodged            ||   100

Table legend: (Time is in decaauts)
 A = Elapsed time spent in this place.
 B = Non-inter-level travel time spent in this place.
 C = Inter-level travel time spent in this place.
 D = Time resting spent in this place.
 E = Time spent auto-exploring this place.
 F = Levels seen in this place.
 G = Mean time per level.
                   A        B        C        D        E       F      G
               +--------+--------+--------+--------+--------+-----+--------+
         Total |   1609 |   1587 |     22 |     46 |   1249 |   2 |  804.5 |
       Dungeon |   1609 |   1587 |     22 |     46 |   1249 |   2 |  804.5 |
               +--------+--------+--------+--------+--------+-----+--------+

Top non-repeatable levels by time:
     D:1: 1353 daAuts
     D:2: 256 daAuts
